 Dungeon Crawl Stone Soup version 0.30-a0-719-gcc4359ea44 (webtiles) character file.

Game seed: 9963495343467209427

495500 porpoise the Purifying Gargoyle (level 24, -18/142 HPs)
             Began as a Gargoyle Earth Elementalist on Jan 16, 2023.
             Was a High Priest of Elyvilon.
             Demolished by a spriggan berserker
             ... wielding a +2 antimagic war axe
              (32 damage)
             ... on level 4 of the Depths on Jan 27, 2023.
             The game lasted 11:04:02 (115043 turns).

porpoise the Purifying Gargoyle (GrEE)            Turns: 115043, Time: 11:04:02

Health: -18/142    AC: 36    Str: 10 (11) XL:     24   Next: 81%
Magic:  24/50      EV: 19    Int: 25      God:    Elyvilon [*****.]
Gold:   1661       SH: 15    Dex: 12      Spells: 3/51 levels left

rFire   . . .      SeeInvis .    a - staff of conjuration
rCold   . . .      Faith    .    Z - +3 kite shield {AC+3}
rNeg    + . .      Spirit   .    N - +2 robe {Archmagi}
rPois   ∞          Reflect  .    x - +2 hat
rElec   +          Harm     .    L - +0 cloak
rCorr   .          Rampage  .    q - +2 pair of gloves of the Guilds {rElec}
Will    +....      Archmagi +    R - +2 pair of boots {Stlth+}
Stlth   +++++                    V - amulet of magic regeneration
HPRegen 0.43/turn                p - ring of Dithmenos's Supremacy {Wiz MP+9}
MPRegen 0.72/turn                l - +5 ring of evasion

@: about to teleport, flying, very slightly contaminated, studying Polearms
A: sickness immunity, AC +18, big wings, negative energy resistance 1,
electricity resistance, torment resistance 1, petrification resistance,
deterioration 1, weak 1, wild magic 2
}: 3/15 runes: serpentine, barnacled, slimy
a: Renounce Religion, Purification, Heal Other, Heal Self, Divine Vigour


You were on level 4 of the Depths.
You worshipped Elyvilon.
Elyvilon was extremely pleased with you.
You visited 10 branches of the dungeon, and saw 46 of its levels.
You visited the Abyss 1 time.
You also visited: Ice Cave.

You collected 6543 gold pieces.
You spent 4882 gold pieces at shops.

Inventory:

Hand Weapons
 u - a +4 demon whip of distortion
 w - a +9 sacred scourge of holy wrath
 y - a +2 morningstar of venom
Missiles
 d - 3 boomerangs (quivered)
Armour
 q - the +2 pair of gloves of the Guilds (worn) {rElec}
   (You found it on level 4 of the Lair of Beasts)

   rElec:     It insulates you from electricity.
 x - a +2 hat (worn)
 L - a +0 cloak (worn)
 N - a +2 robe of the Archmagi (worn)
 R - a +2 pair of boots of stealth (worn)
 Z - a +3 kite shield of protection (worn)
Magical Staves
 a - a staff of conjuration (weapon)
 b - a staff of earth
Jewellery
 c - a ring of protection from cold
 f - a ring of fire
 l - a +5 ring of evasion (right hand)
 p - the ring of Dithmenos's Supremacy (left hand) {Wiz MP+9}
   (You acquired it on level 4 of the Snake Pit)

   [ring of wizardry]

   It improves your spell success rate.
   MP:        It affects your magic capacity (+9).
 v - a ring of see invisible
 E - a +6 ring of intelligence
 O - a ring of resist corrosion
 V - an amulet of magic regeneration (around neck)
Wands
 h - a wand of mindburst (11)
 j - a wand of roots (13)
 k - a wand of quicksilver (3)
 t - a wand of digging (17)
 Y - a wand of polymorph (8)
Scrolls
 i - 6 scrolls of vulnerability
 n - 3 scrolls of fear
 s - 2 scrolls of teleportation
 A - 2 scrolls of silence
 C - 7 scrolls of fog
 I - a scroll of summoning
 M - 3 scrolls of magic mapping
 Q - a scroll of poison
Potions
 e - 10 potions of curing
 g - 3 potions of ambrosia
 o - 4 potions of heal wounds
 r - 5 potions of haste
 D - 4 potions of resistance
 K - 7 potions of attraction
 T - 5 potions of might
 U - a potion of invisibility
Miscellaneous
 z - a tin of tremorstones (2/2)
 B - a box of beasts
 F - a phantom mirror
 S - a phial of floods


   Skills:
 - Level 12.0 Fighting
 - Level 11.7(12.0) Maces & Flails
 - Level 4.0(8.5) Staves
 - Level 6.0 Throwing
 + Level 9.0 Armour
 - Level 9.0 Dodging
 - Level 9.0 Stealth
 - Level 14.0 Shields
 + Level 14.0 Spellcasting
 + Level 17.3 Conjurations
 - Level 12.0 Hexes
 - Level 5.0 Translocations
 - Level 9.0 Transmutations
 - Level 9.0 Fire Magic
 - Level 14.0 Earth Magic
 - Level 9.0 Poison Magic
 - Level 18.0 Invocations
 - Level 7.0 Evocations


You had 3 spell levels left.
You knew the following spells:

 Your Spells              Type           Power      Damage    Failure   Level
b - Stone Arrow           Conj/Erth      100%       3d13      1%          3
c - Lee's Rapid Deconstr  Erth           59%        3d27*     1%          5
d - Fulminant Prism       Conj/Hex       72%        3d30      1%          4
e - Petrify               Tmut/Erth      100%       N/A       1%          4
f - Fireball              Conj/Fire      70%        3d26      1%          5
i - Ignite Poison         Fire/Tmut/Pois 100%       N/A       1%          3
k - Blink                 Tloc           100%       N/A       1%          2
l - Passwall              Tmut/Erth      91%        N/A       1%          2
o - Orb of Destruction    Conj           77%        9d17      4%          7
r - Irradiate             Conj/Tmut      70%        3d35      1%          5
t - Tukima's Dance        Hex            100%       N/A       1%          3
y - Yara's Violent Unrav  Hex/Tmut       53%        3d20      2%          5

Your spell library contained the following spells:

 Spells                   Type           Power      Damage    Failure   Level
 Beastly Appendage        Tmut           100%       N/A       1%          1
 Magic Dart               Conj           100%       1d8       1%          1
 Sandblast                Erth           100%       2d20      1%          1
 Ensorcelled Hibernation  Hex/Ice        100%       N/A       1%          2
 Lesser Beckoning         Tloc           100%       N/A       1%          2
 Scorch                   Fire           100%       2d10      1%          2
 Searing Ray              Conj           100%       2d8       1%          2
 Wereblood                Tmut           100%       N/A       1%          2
 Hailstorm                Conj/Ice       100%       3d20      1%          3
 Inner Flame              Hex/Fire       100%       N/A       1%          3
 Mephitic Cloud           Conj/Pois/Air  100%       N/A       1%          3
 Portal Projectile        Hex/Tloc       100%       N/A       1%          3
 Spider Form              Tmut/Pois      100%       N/A       1%          3
 Gell's Gravitas          Tloc           80%        N/A       2%          3
 Summon Guardian Golem    Hex/Summ       85%        N/A       2%          3
 Teleport Other           Tloc           80%        N/A       2%          3
 Kindle Blastsparks       Fire/Tloc/Air  100%       2d18      3%          3
 Freeze                   Ice            100%       1d10      6%          1
 Vhi's Electric Charge    Tloc/Air       100%       N/A       6%          3
 Frozen Ramparts          Ice            84%        1d13      14%         3
 Ozocubu's Armour         Ice            42%        N/A       14%         3
 Swiftness                Air            42%        N/A       14%         3
 Cause Fear               Hex            55%        N/A       1%          4
 Flame Wave               Conj/Fire      100%       2d21      1%          4
 Iskenderun's Mystic Bla  Conj/Tloc      100%       2d19      1%          4
 Leda's Liquefaction      Hex/Erth       57%        N/A       1%          4
 Sticky Flame             Conj/Fire      100%       2d11      1%          4
 Iskenderun's Battlesphe  Conj           100%       2d15      1%          5
 Anguish                  Hex/Necr       42%        N/A       4%          4
 Blade Hands              Tmut           50%        N/A       4%          5
 Manifold Assault         Tloc           80%        N/A       7%          4
 Passage of Golubria      Tloc           80%        N/A       7%          4
 Ice Form                 Ice/Tmut       77%        N/A       9%          4
 Freezing Cloud           Conj/Ice/Air   52%        6-21      12%         5
 Metabolic Englaciation   Hex/Ice        42%        N/A       12%         5
 Silence                  Hex/Air        42%        N/A       12%         5
 Eringya's Noxious Bog    Tmut/Pois      50%        N/A       16%         6
 Conjure Ball Lightning   Conj/Air       60%        3x3d22    19%         6
 Enfeeble                 Hex            55%        N/A       26%         7
 Summon Lightning Spire   Summ/Air       42%        N/A       36%         4
 Lehudib's Crystal Spear  Conj/Erth      74%        10d17     38%         8
 Dispersal                Tloc           40%        N/A       54%         6
 Dragon Form              Tmut           50%        N/A       56%         7
 Discord                  Hex            55%        N/A       82%         8
 Storm Form               Tmut/Air       38%        N/A       98%         7
 Simulacrum               Ice/Necr       21%        N/A       99%         6
 Summon Cactus Giant      Summ           21%        N/A       99%         6
 Haunt                    Necr/Summ      21%        N/A       100%        7
 Ozocubu's Refrigeration  Ice            21%        4d12      100%        7
 Summon Hydra             Summ           21%        N/A       100%        7
 Disjunction              Tloc           40%        N/A       100%        8
 Maxwell's Capacitive Co  Air            21%        ∞         100%        8
 Sublimation of Blood     Necr           Unusable   N/A       N/A         2
 Statue Form              Tmut/Erth      Unusable   N/A       N/A         6

Dungeon Overview and Level Annotations

Branches:
Dungeon (15/15)            Temple (0/1) D:7            Lair (5/5) D:11
 Shoals (4/4) Lair:2        Snake (4/4) Lair:2        Slime (5/5) Lair:5
    Orc (2/2) D:11            Elf (0/3) Orc:2        Vaults (4/5) D:14
  Crypt (2/3) Vaults:3     Depths (4/4) D:15           Hell (visited)
  IceCv (visited)
    Dis: Hell:1         Geh: Hell:1         Coc: Hell:1         Tar: Hell:1
    Zot: Depths:4

Altars:
Ashenzari
Dithmenos
Elyvilon
Gozag
Hepliaklqana
Nemelex Xobeh
Qazlal
Sif Muna
Trog
Xom
Zin
The Shining One

Shops:
D:1 !   D:6 !   Orc:2 *=*:   Shoals:1 =   Shoals:2 *   Snake:2 ==:
Snake:4 !*!(   Vaults:1 ?   Vaults:3 *[***   Vaults:4 (   Depths:2 ?
Depths:3 *

Portals:
Hell: Depths:1 Depths:2 Depths:3 Depths:4
Abyss: D:13 Depths:1 Depths:3
Pandemonium: Depths:2
Ziggurat: Depths:4

Annotations:
Shoals:1 exclusion: downstairs
Slime:3 exclusion: 2 upstairs
Vaults:4 exclusion: 3 downstairs
Crypt:2 3 runed translucent doors, Houmnergh's ghost, master GnTm
Depths:1 2 transporters, lmSkywalker's ghost, adept DrTm
Hell Geryon


Innate Abilities, Weirdness & Mutations

You are immune to sickness and miasma.
Your stone body is resilient. (AC +18)
You are immune to poison.
Your large and strong wings let you fly.
You resist negative energy. (rN+)
You are resistant to electric shocks. (rElec)
You are resistant to unholy torment.
You are immune to petrification.
Your body sometimes deteriorates upon taking damage.
You are weak. (Str -2)
Your spells are harder to cast, but more powerful.


Message History

You feel a strong surge of power!
The wavering orb of destruction hits the spriggan berserker!!!
The spriggan berserker is severely wounded.
The spriggan berserker hits you with a +2 antimagic war axe!!!
You feel your power leaking away.
You hit the spriggan berserker.
You blast the spriggan berserker!!
The spriggan berserker is almost dead.
The spriggan berserker hits you with a +2 antimagic war axe.
The spriggan berserker attacks as you move away!
The spriggan berserker hits you with a +2 antimagic war axe!!
* * * LOW HITPOINT WARNING * * *
The spriggan berserker closely misses you.
The spriggan berserker attacks as you move away!
You block the spriggan berserker's attack.
The spriggan berserker hits you but does no damage.
You hit the spriggan berserker.
You blast the spriggan berserker!
The spriggan berserker is almost dead.
The spriggan berserker hits you with a +2 antimagic war axe!!
* * * LOW HITPOINT WARNING * * *
You feel your power leaking away.
You feel much better.
You block the spriggan berserker's attack.
The spriggan berserker hits you but does no damage.
As you read the scroll of teleportation, it crumbles to dust.
You feel strangely unstable.
The spriggan berserker hits you with a +2 antimagic war axe!!
Elyvilon protects you from harm!
You feel your power leaking away. The iron troll misses you.
The iron troll claws you but does no damage.
You block the iron troll's attack.
Casting: Orb of Destruction (dangerous; 4% risk of failure)
Confirm with . or Enter, or press ? or * to list all spells.
You don't have enough magic to cast this spell.
Magic courses through your body.
The spriggan berserker hits you with a +2 antimagic war axe!
* * * LOW HITPOINT WARNING * * *
You feel your power leaking away.
The spriggan berserker hits you with a +2 antimagic war axe!!
You die...

#........##***,,,,,* *
###.........,,,*,,⌠,,*
*
#.#.......#**,,*,,,,,*
* #........#
**,**,,,,* * #.......#
*,,*,,,,***
#...T...#.#**,**,,,,**
#.....T.#.# *,,**,,,**
####i#T.#.# *,,,**,,,*
##@....# *,,,.#*,,,
####...## *,.#..##*,
#.##...###*..*#...##
##.#...#.##..##.....
##...........#.....
##..........#.....
#...#.##...#.....
#...#.##...#.....
#.....##...#.....


You could see 2 iron trolls, a deep troll and a spriggan berserker (berserk,
regenerating, strong-willed).

Vanquished Creatures
  the Royal Jelly (Slime:5)
  Sojobo (Depths:1)
  Vv (Depths:2)
  Bai Suzhen (D:15)
  Saint Roka (Orc:2)
  3 caustic shrikes (Depths:4)
  Jory (Crypt:1)
  6 tentacled monstrosities
  A shard shrike skeleton (Crypt:1)
  Rupert (Lair:5)
  Asterion (D:15)
  5 liches
  2 quicksilver dragons (Snake:4)
  23 acid blobs
  Polyphemus (Shoals:3)
  The ghost of Josuitwi the Warrior, an adept MfGl of Yredelemnul (Snake:3)
  Kirke (Lair:5)
  4 ancient champions
  Agnes (Snake:3)
  A kraken (Shoals:1)
  A tentacled starspawn (Abyss:2)
  5 sphinxes
  3 storm dragons
  A shadow dragon (Depths:2)
  Donald (Shoals:2)
  3 tengu reavers
  Ilsuiw (Shoals:4)
  15 azure jellies
  12 rockslimes
  2 revenants
  Roxanne (Snake:2)
  6 fire giants
  8 nagarajas (Snake:4)
  The ghost of purpskrrrp the Imperceptible, an adept SpBr of Jiyva (Shoals:4)
  8 vault wardens
  6 frost giants
  An iron dragon (Depths:3)
  A balrug (Depths:3)
  A curse skull (Crypt:2)
  A draconian shifter (Depths:4)
  16 ironbound preservers
  7 stone giants
  10 quicksilver oozes
  20 very ugly things
  An orc warlord (Vaults:4)
  8 ghouls
  2 reapers
  A spriggan defender (Depths:3)
  2 war gargoyles
  3 ironbound thunderhulks
  13 vampire knights
  The ghost of Gint the Severer, a journeyman HOFi of Uskayaw (D:13)
  2 purple draconians
  9 dire elephants
  A yellow draconian (Depths:4)
  The ghost of Darkkill the Fighter, a journeyman MiHu of Gozag (Lair:2)
  10 spark wasps (Depths:3)
  2 white draconians
  4 eidola
  A deep elf death mage (Crypt:1)
  10 fire dragons
  3 entropy weavers
  3 jiangshi (Crypt:1)
  8 yaktaur captains
  3 merfolk javelineers (Shoals:4)
  6 merfolk impalers (Shoals:4)
  4 ettins
  3 spriggan zombies
  A hell beast (Depths:3)
  3 rakshasas (Depths:2)
  5 vault guards (Vaults:1)
  2 peacekeepers
  9 great orbs of eyes
  The ghost of AzureAlchemist the Spear-Bearer, a journeyman MiMo of Yredelemnul (D:10)
  3 salamander tyrants
  5 ice dragons
  4 spriggan air magi
  3 catoblepae
  An ogre mage (D:13)
  9 anacondas
  5 hydras
  3 merfolk avatars
  19 centaur warriors
  5 boulder beetles
  An alligator snapping turtle (Shoals:2)
  3 death knights
  7 death yaks
  An anaconda (shapeshifter) (Vaults:1)
  5 ironbound frosthearts
  The ghost of Mistam the Thaumaturge, a journeyman TeCj of Ashenzari (Lair:2)
  A satyr (Shoals:4)
  5 merfolk aquamancers
  5 vampire magi
  14 deep troll earth magi
  6 two-headed ogres
  9 naga sharpshooters
  11 tengu warriors
  12 deep troll shamans
  Urug (Lair:2)
  A thrashing horror (D:13)
  4 dancing weapons
  An orc high priest (Orc:1)
  7 shock serpents
  6 spriggan berserkers
  8 naga warriors
  Sonja (Orc:2)
  3 soul eaters
  2 spriggans (Depths:3)
  22 hell knights
  A spectral merfolk (Shoals:4)
  2 shadow wraiths
  A wretched star (Abyss:2)
  8 skeletal warriors
  A bunyip zombie (Crypt:1)
  An iron giant zombie (Crypt:1)
  10 iron trolls
  A storm dragon skeleton (Crypt:1)
  A salamander mystic (Snake:4)
  A quicksilver dragon simulacrum (Depths:3)
  19 sea snakes
  71 deep trolls
  A swamp dragon (Lair:5)
  A deep troll (shapeshifter) (Depths:3)
  3 glowing orange brains
  6 naga ritualists
  3 flayed ghosts
  An orb spider (shapeshifter) (Vaults:2)
  Pikel (D:6)
  A spriggan simulacrum (Crypt:1)
  2 bog bodies (Crypt:1)
  15 ironbound convokers
  10 wizards
  12 lindwurms
  11 phantasmal warriors
  7 necromancers
  12 orc knights
  An anaconda skeleton (Crypt:2)
  16 harpies
  12 mana vipers
  4 wolf spiders
  An oklob plant (Lair:5)
  A stone giant zombie (Crypt:1)
  8 cyclopes
  4 fauns (Shoals:2)
  60 ugly things
  2 fire giant zombies
  7 orc sorcerers
  10 manticores
  4 shining eyes
  4 salamanders
  The ghost of wormed the Changer, a novice OpTm of Gozag (D:5)
  A jorogumo skeleton (Crypt:2)
  6 elephants (Lair:5)
  An iron dragon skeleton (Crypt:1)
  2 ice statues (IceCv)
  6 guardian serpents
  A centaur zombie (D:12)
  10 vault sentinels
  Maurice (D:8)
  11 naga magi
  A torpor snail (Lair:1)
  9 water nymphs
  38 black mambas
  A demonic crawler (Abyss:2)
  A spectral sea snake (Shoals:4)
  3 eyes of devastation
  A gargoyle (D:13)
  7 merfolk sirens
  4 large abominations
  12 cane toads
  40 yaktaurs
  A death yak zombie (Crypt:2)
  9 rime drakes
  A yellow draconian skeleton (Crypt:2)
  2 kobold demonologists
  3 harpy zombies (Shoals:3)
  3 efreet
  7 tengu conjurers
  4 freezing wraiths (Crypt:1)
  9 komodo dragons
  4 polar bears
  17 merfolk
  8 trolls
  A tarantella (Vaults:3)
  9 wind drakes
  4 hornets
  A harpy skeleton (Crypt:1)
  9 snapping turtles
  A mana viper skeleton (Crypt:1)
  Prince Ribbit (D:8)
  15 dream sheep
  7 blink frogs
  A culicivora (Vaults:3)
  155 slime creatures
  A black mamba zombie (Crypt:2)
  A vampire (D:10)
  13 wraiths
  14 water elementals
  10 wyverns
  A ynoxinul (D:10)
  8 golden eyes (Slime:3)
  9 humans
  57 yaks
  An alligator snapping turtle simulacrum (Shoals:4)
  14 vampire mosquitoes
  4 fire elementals (Depths:1)
  5 hogs (Lair:5)
  Grum (D:8)
  5 basilisks
  8 redbacks
  A steam dragon (Lair:5)
  Menkaure (D:4)
  2 small abominations (Abyss:2)
  A sea snake simulacrum (Shoals:4)
  A warg (Orc:2)
  A naga zombie (Crypt:1)
  26 nagas
  A swamp worm (shapeshifter) (Abyss:2)
  A two-headed ogre zombie (Crypt:1)
  18 water moccasins
  Duvessa (D:5)
  2 acid dragons (Lair:5)
  A merfolk skeleton (Crypt:1)
  A swamp drake (Lair:5)
  An ice beast (D:6)
  32 orc warriors
  A snapping turtle zombie (Crypt:1)
  4 black bears
  3 sky beasts
  A lindwurm zombie (Crypt:2)
  An elephant zombie (Lair:4)
  5 wolves
  2 boggarts (D:15)
  A wind drake simulacrum (Shoals:4)
  8 ogres
  9 centaurs
  A hog skeleton (Crypt:2)
  2 komodo dragon zombies (Lair:4)
  Blork the orc (D:4)
  2 phantoms
  4 gnoll sergeants
  A kobold brigand (D:6)
  14 bullfrogs
  4 necrophages
  3 scorpions
  A water nymph simulacrum (Shoals:4)
  3 merfolk simulacra (Shoals:4)
  2 two-headed ogre simulacra (D:13)
  4 wights (D:10)
  Dowan (D:6)
  A killer bee (D:10)
  A lindwurm simulacrum (IceCv)
  A snapping turtle simulacrum (Shoals:4)
  11 electric eels
  9 howler monkeys
  A lava snake (D:8)
  A basilisk zombie (Crypt:2)
  2 hounds
  8 komodo dragon simulacra (IceCv)
  30 orc priests
  A gnoll bouda (D:7)
  7 jellies
  Crazy Yiuf (D:6)
  9 iguanas
  38 orc wizards
  6 hell rats (Lair:5)
  3 troll simulacra (D:13)
  An ogre skeleton (Crypt:2)
  A boggart simulacrum (D:14)
  9 acid dragon simulacra (IceCv)
  22 gnolls
  4 naga simulacra
  8 adders
  A shadow imp (D:5)
  2 white imps (D:8)
  3 steam dragon simulacra (IceCv)
  An ufetubus (D:4)
  2 worms
  4 dart slugs
  82 orcs
  2 bats
  A bat zombie (Shoals:3)
  10 endoplasms
  4 giant cockroaches
  8 goblins
  3 hobgoblins
  5 jackals
  A quokka (D:5)
  12 ball pythons
  An endoplasm zombie (Crypt:2)
  3 frilled lizards
  A hobgoblin zombie (Crypt:1)
  10 kobolds
  A quokka zombie (Crypt:2)
  5 rats
  2 fulminant prisms
1930 creatures vanquished.

Vanquished Creatures (collateral kills)
  An orc warlord (Vaults:1)
  A salamander tyrant (Snake:4)
  3 naga sharpshooters (Snake:4)
  An ironbound convoker (Vaults:3)
  A vault sentinel (Vaults:1)
  An orc priest (Vaults:4)
8 creatures vanquished.

Vanquished Creatures (others)
  A deep elf high priest (Depths:4)
  A tengu warrior (D:15)
  A harpy (shapeshifter) (D:15)
  2 phantasmal warriors
  An ugly thing (Depths:2)
  A manticore (D:15)
  A yaktaur (Vaults:2)
  7 dancing weapons
  A human (D:14)
  A boggart (D:15)
  An orc priest (Orc:1)
  2 orcs (Orc:2)
  6 bushes (Lair:5)
  120 fulminant prisms
  86 fungi
  214 plants
  12 tentacles (Shoals:1)
  7 withered plants
465 creatures vanquished.

Grand Total: 2403 creatures vanquished

Notes
Turn   | Place    | Note
-------+----------+-------------------------------------------
     0 | D:1      | porpoise the Gargoyle Earth Elementalist began the quest
                  | for the Orb.
     0 | D:1      | Reached XP level 1. HP: 10/10 MP: 3/3
   252 | D:1      | Reached XP level 2. HP: 15/15 MP: 1/5
   582 | D:1      | Reached XP level 3. HP: 19/19 MP: 3/6
   861 | D:1      | Found Qickacen's Distillery.
  1018 | D:1      | Bought a potion of curing for 39 gold pieces
  1401 | D:2      | Reached XP level 4. HP: 20/24 MP: 3/8
  1617 | D:2      | Reached skill level 5 in Earth Magic
  1831 | D:2      | Learned a level 3 spell: Stone Arrow
  1938 | D:2      | Reached XP level 5. HP: 28/28 MP: 6/10
  2310 | D:3      | Noticed a phantom
  2319 | D:2      | Killed a phantom
  2320 | D:2      | Reached XP level 6. HP: 30/32 MP: 5/12
  2456 | D:3      | Found a faded altar of an unknown god.
  3021 | D:4      | Reached skill level 1 in Conjurations
  3204 | D:4      | Noticed Menkaure
  3206 | D:4      | Noticed an orc warrior
  3208 | D:4      | Killed Menkaure
  3209 | D:4      | Reached XP level 7. HP: 36/36 MP: 10/14
  3383 | D:4      | Noticed Blork the orc
  3390 | D:4      | Killed Blork the orc
  3391 | D:4      | Reached skill level 5 in Spellcasting
  3487 | D:4      | Learned a level 2 spell: Passwall
  3747 | D:4      | Reached skill level 1 in Fighting
  3954 | D:4      | Found a sparkling altar of Nemelex Xobeh.
  4186 | D:5      | Entered Level 5 of the Dungeon
  4199 | D:5      | Reached XP level 8. HP: 44/44 MP: 12/15
  4479 | D:5      | Found a runed translucent door.
  4494 | D:5      | Noticed a kobold demonologist
  4494 | D:5      | Noticed wormed's ghost (novice OpTm)
  5085 | D:6      | Noticed Duvessa
  5085 | D:6      | Noticed Dowan
  5085 | D:6      | Found Emis's Distillery.
  5088 | D:6      | Killed Dowan
  5095 | D:5      | Killed Duvessa
  5276 | D:6      | Bought a potion of heal wounds for 55 gold pieces
  5276 | D:6      | Bought a potion of curing for 33 gold pieces
  5490 | D:6      | Reached skill level 5 in Conjurations
  5658 | D:6      | Reached skill level 5 in Stealth
  5947 | D:6      | Reached skill level 5 in Fighting
  6075 | D:6      | Found a runed translucent door.
  6076 | D:6      | Noticed Crazy Yiuf
  6081 | D:6      | Killed Crazy Yiuf
  6082 | D:6      | Reached XP level 9. HP: 54/54 MP: 9/16
  6569 | D:6      | Noticed Pikel
  6577 | D:6      | Killed Pikel
  6702 | D:6      | Reached skill level 1 in Transmutations
  6835 | D:7      | Found a shadowy altar of Dithmenos.
  6886 | D:7      | Reached skill level 5 in Dodging
  7226 | D:7      | Found a staircase to the Ecumenical Temple.
  7232 | D:7      | Found a glowing silver altar of Zin.
  7235 | D:7      | Found a white marble altar of Elyvilon.
  7236 | D:7      | Found an opulent altar of Gozag.
  7236 | D:7      | Found a hazy altar of Hepliaklqana.
  7238 | D:7      | Found a stormy altar of Qazlal.
  7240 | D:7      | Found a glowing golden altar of the Shining One.
  7256 | D:7      | Became a worshipper of Elyvilon the Healer
  7287 | D:7      | Reached skill level 1 in Invocations
  7373 | D:7      | Reached skill level 1 in Armour
  7452 | D:7      | Reached skill level 2 in Invocations
  7731 | D:7      | Reached XP level 10. HP: 52/59 MP: 8/17
  7882 | D:8      | Reached skill level 3 in Invocations
  8194 | D:8      | Reached skill level 4 in Invocations
  8369 | D:8      | Reached * piety under Elyvilon
  8390 | D:8      | Noticed Prince Ribbit
  8404 | D:8      | Killed Prince Ribbit
  8405 | D:8      | Reached skill level 5 in Invocations
  8557 | D:8      | Reached skill level 5 in Armour
  8642 | D:8      | Noticed a boulder beetle
  8654 | D:8      | Killed a boulder beetle
  8655 | D:8      | Reached skill level 7 in Invocations
  8709 | D:8      | Noticed Grum
  8721 | D:8      | Killed Grum
  9050 | D:8      | Noticed Maurice
  9073 | D:8      | Killed Maurice
  9074 | D:8      | Reached skill level 8 in Invocations
  9529 | D:8      | Reached skill level 9 in Invocations
  9529 | D:8      | Reached XP level 11. HP: 42/63 MP: 6/18
 10363 | D:9      | Reached ** piety under Elyvilon
 10556 | D:10     | Entered Level 10 of the Dungeon
 10594 | D:10     | Noticed a two-headed ogre
 10859 | D:10     | Noticed a two-headed ogre
 10869 | D:10     | Killed a two-headed ogre
 10870 | D:10     | Reached skill level 10 in Invocations
 11113 | D:10     | Reached skill level 11 in Invocations
 11918 | D:10     | Killed a two-headed ogre
 11966 | D:10     | Found a large runed translucent door.
 11966 | D:10     | Found a large runed translucent door.
 11971 | D:10     | Noticed AzureAlchemist's ghost (journeyman MiMo)
 12043 | D:10     | Reached skill level 12 in Invocations
 12241 | D:10     | Reached skill level 1 in Shields
 12273 | D:10     | Found a shimmering blue altar of Sif Muna.
 12289 | D:10     | Got Sif Muna's Vademecum on Composition and Coordinates
 12305 | D:10     | Found a bloodstained altar of Trog.
 12448 | D:11     | Noticed a cyclops
 12463 | D:11     | Killed a cyclops
 12537 | D:11     | Noticed a two-headed ogre
 12546 | D:11     | Killed a two-headed ogre
 12577 | D:11     | Noticed a cyclops
 12577 | D:11     | Noticed a two-headed ogre
 12673 | D:11     | Noticed a fire dragon
 12683 | D:11     | Noticed a wizard
 12713 | D:11     | Noticed a brown ugly thing
 12717 | D:11     | Reached XP level 12. HP: 67/70 MP: 7/21
 12720 | D:11     | Noticed a boulder beetle
 12922 | D:11     | Reached skill level 13 in Invocations
 13334 | D:11     | Found a staircase to the Lair.
 13336 | D:11     | Noticed a two-headed ogre
 13356 | D:11     | Killed a two-headed ogre
 13401 | D:11     | Reached skill level 5 in Shields
 13483 | D:11     | Noticed a boulder beetle
 13524 | D:11     | Killed a boulder beetle
 13564 | D:11     | Killed a boulder beetle
 13660 | D:11     | Reached *** piety under Elyvilon
 13664 | D:11     | Found a staircase to the Orcish Mines.
 13696 | D:11     | Killed a fire dragon
 14054 | D:11     | Reached skill level 14 in Invocations
 14495 | D:11     | Killed a two-headed ogre
 14496 | D:11     | Reached skill level 1 in Evocations
 14561 | Lair:1   | Entered Level 1 of the Lair of Beasts
 15509 | Lair:1   | Reached XP level 13. HP: 72/80 MP: 17/23
 15832 | Lair:1   | Reached **** piety under Elyvilon
 16449 | Lair:1   | Learned a level 4 spell: Petrify
 16826 | Lair:2   | Noticed Urug
 16841 | Lair:2   | Killed Urug
 16842 | Lair:2   | Reached skill level 5 in Evocations
 17127 | Lair:2   | Found a runed translucent gate.
 17127 | Lair:2   | Found a runed translucent gate.
 17127 | Lair:2   | Found a runed translucent gate.
 17128 | Lair:2   | Noticed Darkkill's ghost (journeyman MiHu)
 17129 | Lair:2   | Noticed Mistam's ghost (journeyman TeCj)
 17322 | Lair:2   | Reached ***** piety under Elyvilon
 17323 | Lair:2   | Found a staircase to the Snake Pit.
 17668 | Lair:2   | Reached skill level 1 in Staves
 18495 | Lair:3   | Reached skill level 5 in Transmutations
 19077 | Lair:4   | Identified the +2 pair of gloves of the Guilds {rElec}
 19396 | Lair:4   | Reached ****** piety under Elyvilon
 19742 | Lair:4   | Identified the +3 short sword "Moakh" {heavy, +Blink rC-
                  | rCorr Stlth+}
 21287 | D:13     | Found a transporter.
 21300 | D:13     | Found a transporter.
 21307 | D:13     | Found a one-way gate to the infinite horrors of the Abyss.
 21372 | D:13     | Gained mutation: Your large and strong wings let you fly.
                  | [Gargoyle growth]
 21372 | D:13     | Reached XP level 14. HP: 86/86 MP: 23/24
 21554 | D:13     | Reached skill level 10 in Earth Magic
 21792 | D:13     | Found a frozen archway.
 21821 | IceCv    | Entered an ice cave
 22505 | IceCv    | Noticed a white draconian
 22587 | IceCv    | Killed a white draconian
 22706 | IceCv    | Identified the ring of Inlonigu {rElec rN+ AC+4 Slay-5}
 23405 | D:13     | Noticed Gint's ghost (journeyman HOFi)
 26279 | D:14     | Reached XP level 15. HP: 91/91 MP: 25/25
 26499 | D:14     | Found a gate to the Vaults.
 26631 | D:15     | Entered Level 15 of the Dungeon
 27001 | D:15     | Learned a level 3 spell: Tukima's Dance
 27042 | D:15     | Reached skill level 1 in Hexes
 27363 | D:15     | Identified a scroll of acquirement
 27364 | D:15     | Acquired a staff of conjuration
 27410 | D:15     | Paralysed by an orc sorcerer for 4 turns
 27621 | D:15     | Found a staircase to the Depths.
 28375 | Orc:1    | Entered Level 1 of the Orcish Mines
 28424 | Orc:1    | Found a shimmering altar of Xom.
 28519 | Orc:2    | Entered Level 2 of the Orcish Mines
 28717 | Lair:5   | Entered Level 5 of the Lair of Beasts
 30744 | Lair:5   | Reached skill level 5 in Hexes
 31409 | Lair:5   | Found a staircase to the Slime Pits.
 32184 | Lair:5   | Noticed Kirke
 32202 | Lair:5   | Killed Kirke
 32203 | Lair:5   | Reached XP level 16. HP: 73/96 MP: 19/26
 32414 | Lair:5   | Found a runed translucent door.
 32890 | Lair:5   | Noticed Rupert
 32896 | Lair:5   | Paralysed by Rupert for 2 turns
 32902 | Lair:5   | Killed Rupert
 34115 | Orc:2    | Paralysed by an orc sorcerer for 4 turns
 34585 | Orc:2    | Noticed Saint Roka
 34915 | Orc:2    | Elyvilon protects you from harm!
 34924 | Orc:2    | Killed Saint Roka
 35266 | Orc:2    | Found Lirgh's Jewellery Shop.
 35266 | Orc:2    | Found Sock's Book Boutique.
 35267 | Orc:2    | Found Talia's Assorted Antiques.
 35271 | Orc:2    | Found Safucume's Assorted Antiques.
 35567 | Orc:2    | Noticed Sonja
 35569 | Orc:2    | Killed Sonja
 35903 | Orc:2    | Found a staircase to the Elven Halls.
 36316 | Orc:1    | Reached skill level 15 in Invocations
 36482 | Orc:1    | Paralysed by an orc sorcerer for 4 turns
 37096 | Orc:1    | Paralysed by an orc sorcerer for 5 turns
 37353 | Orc:2    | Bought a book of Blasting for 440 gold pieces
 37353 | Orc:2    | Bought a book of Flames for 308 gold pieces
 37353 | Orc:2    | Bought a book of Transfigurations for 440 gold pieces
 37359 | Orc:2    | Bought a scroll of blinking for 210 gold pieces
 37501 | Lair:1   | Learned a level 5 spell: Lee's Rapid Deconstruction
 37506 | Lair:1   | Learned a level 4 spell: Fulminant Prism
 37574 | Snake:1  | Entered Level 1 of the Snake Pit
 40097 | Snake:2  | Noticed Roxanne
 40262 | Snake:2  | Killed Roxanne
 40263 | Snake:2  | Reached skill level 10 in Shields
 40792 | Snake:2  | Found Buebecsi's Jewellery Shoppe.
 40793 | Snake:2  | Found Jacvoisi's Book Shop.
 40794 | Snake:2  | Found Joogg's Jewellery Shoppe.
 40864 | Snake:2  | Learned a level 5 spell: Irradiate
 40955 | Snake:3  | Noticed Agnes
 40962 | Snake:3  | Killed Agnes
 40963 | Snake:3  | Reached XP level 17. HP: 82/100 MP: 27/28
 40976 | Snake:2  | Reached skill level 16 in Invocations
 41362 | Snake:3  | Found a transporter.
 41365 | Snake:3  | Noticed Josuitwi's ghost (adept MfGl)
 41378 | Snake:3  | Found a transporter.
 43443 | Snake:3  | Upgraded the game from 0.30-a0-639-g3916f1956a to
                  | 0.30-a0-652-gcc886f7154
 43806 | Snake:4  | Entered Level 4 of the Snake Pit
 44601 | Snake:4  | Reached skill level 1 in Maces & Flails
 45445 | Snake:4  | Identified the amulet "Rubrua" {Spirit Int+4}
 45533 | Snake:4  | Found Rioptih's Weapon Shop.
 45537 | Snake:4  | Found Gum Qyng's Distillery.
 45537 | Snake:4  | Found Yhedgh's General Store.
 45545 | Snake:4  | Found Oriatz's Distillery.
 45769 | Snake:4  | Bought a potion of heal wounds for 75 gold pieces
 46777 | Snake:4  | Noticed a quicksilver dragon
 46783 | Snake:4  | Noticed a quicksilver dragon
 46786 | Snake:4  | Killed a quicksilver dragon
 47292 | Snake:4  | Reached skill level 5 in Maces & Flails
 47532 | Snake:4  | Got a serpentine rune of Zot
 47553 | Snake:4  | Killed a quicksilver dragon
 47554 | Snake:4  | Reached skill level 10 in Conjurations
 48288 | D:1      | Bought a potion of heal wounds for 65 gold pieces
 48288 | D:1      | Bought a potion of magic for 104 gold pieces
 48391 | D:6      | Bought a potion of magic for 88 gold pieces
 48391 | D:6      | Bought a potion of heal wounds for 55 gold pieces
 48678 | Shoals:1 | Entered Level 1 of the Shoals
 49265 | Shoals:1 | Found Ugoaphui's One-of-a-Kind Rings.
 49346 | Shoals:1 | Reached XP level 18. HP: 106/106 MP: 20/30
 50399 | Shoals:2 | HP: 3/106 [alligator snapping turtle (22)]
 50611 | Shoals:2 | Learned a level 3 spell: Ignite Poison
 51285 | Shoals:2 | Found Ladedeab's Assorted Antiques.
 51306 | Shoals:2 | Reached skill level 1 in Fire Magic
 51306 | Shoals:2 | Reached skill level 1 in Poison Magic
 51441 | Shoals:2 | Noticed Donald
 51462 | Shoals:2 | Killed Donald
 51553 | Shoals:2 | Identified the +0 chain mail of Tartarus {rElec Will+ Str+3
                  | Slay-2}
 52613 | Shoals:3 | Noticed Polyphemus
 52746 | Shoals:3 | Killed Polyphemus
 53885 | Shoals:4 | Entered Level 4 of the Shoals
 54849 | Shoals:4 | Found a runed translucent gate.
 54849 | Shoals:4 | Found a runed translucent gate.
 54849 | Shoals:4 | Found a runed translucent gate.
 54850 | Shoals:4 | Noticed purpskrrrp's ghost (adept SpBr)
 54910 | Shoals:4 | Got Myvedd's Lessons on the Loathsome Icicle
 54936 | Shoals:4 | Noticed Ilsuiw
 54952 | Shoals:4 | Killed Ilsuiw
 55247 | Shoals:4 | Reached skill level 5 in Fire Magic
 55247 | Shoals:4 | Reached skill level 5 in Poison Magic
 55776 | Shoals:4 | Got a barnacled rune of Zot
 57417 | Vaults:1 | Entered Level 1 of the Vaults
 57451 | Vaults:1 | Reached XP level 19. HP: 58/111 MP: 20/31
 58362 | Vaults:1 | Elyvilon protects you from harm!
 58807 | Vaults:1 | Identified the ring of Boing {*Corrode rF+ MP+9 Str+2}
 60912 | Vaults:1 | Found Zolaci's Magic Scroll Boutique.
 61961 | Vaults:2 | HP: 3/111 [ironbound frostheart (30)]
 61962 | Vaults:2 | Elyvilon protects you from harm!
 61963 | Vaults:2 | Elyvilon protects you from harm!
 62646 | Vaults:2 | Reached XP level 20. HP: 42/116 MP: 26/32
 63861 | Vaults:2 | Upgraded the game from 0.30-a0-652-gcc886f7154 to
                  | 0.30-a0-672-gc3a7216ad8
 63965 | Vaults:2 | Gained mutation: You are vulnerable to cold. (rC-)
                  | [mutagenic glow]
 63982 | Vaults:2 | Gained mutation: You are clumsy. (Dex -2) [mutagenic glow]
 66787 | Vaults:3 | Reached skill level 10 in Hexes
 67780 | Vaults:3 | Found Ydghyin's Antique Armour Shop.
 67787 | Vaults:3 | Found Puadelin's General Store.
 67789 | Vaults:3 | Bought an embroidered hat for 210 gold pieces
 68262 | Vaults:3 | Upgraded the game from 0.30-a0-672-gc3a7216ad8 to
                  | 0.30-a0-691-g754fce4c43
 68459 | Vaults:3 | Found a staircase to the Crypt.
 68925 | Vaults:3 | Gained mutation: You are dopey. (Int -2) [mutagenic glow]
 69391 | Vaults:3 | Found Etesepne's Assorted Antiques.
 69395 | Vaults:3 | Bought a scroll of magic mapping for 307 gold pieces
 69395 | Vaults:3 | Bought a dyed leather armour for 205 gold pieces
 69446 | Vaults:3 | Found Vufas's Assorted Antiques.
 70465 | Vaults:3 | Found Ucach's Assorted Antiques.
 72603 | Vaults:4 | Found Ogyeriann's Antique Weapon Emporium.
 73062 | D:7      | Fell from the grace of Elyvilon
 73062 | D:7      | Became a worshipper of the Shining One
 73062 | D:7      | Reached * piety under the Shining One
 73062 | D:7      | Reached ** piety under the Shining One
 73062 | D:7      | Reached *** piety under the Shining One
 73062 | D:7      | Reached **** piety under the Shining One
 73525 | Vaults:4 | Reached XP level 21. HP: 53/121 MP: 22/33
 73836 | Vaults:4 | Reached skill level 10 in Fighting
 75463 | Crypt:1  | Entered Level 1 of the Crypt
 76229 | Lair:1   | Lost mutation: You are vulnerable to cold. (rC-) [potion of
                  | mutation]
 76229 | Lair:1   | Lost mutation: You are dopey. (Int -2) [potion of mutation]
 76229 | Lair:1   | Gained mutation: Your flesh is heat resistant. (rF+)
                  | [potion of mutation]
 76229 | Lair:1   | Gained mutation: You are partially covered in iridescent
                  | scales. (AC +2) [potion of mutation]
 76229 | Lair:1   | Gained mutation: You have sharp toenails. [potion of
                  | mutation]
 76230 | Lair:1   | Lost mutation: You have sharp toenails. [potion of
                  | mutation]
 76230 | Lair:1   | Lost mutation: Your flesh is heat resistant. (rF+) [potion
                  | of mutation]
 76230 | Lair:1   | Lost mutation: You are clumsy. (Dex -2) [potion of
                  | mutation]
 76230 | Lair:1   | Gained mutation: You have a pair of small antennae on your
                  | head. [potion of mutation]
 76230 | Lair:1   | Gained mutation: You occasionally lose the ability to read
                  | scrolls when taking damage. [potion of mutation]
 76230 | Lair:1   | Gained mutation: You have large cloven feet. [potion of
                  | mutation]
 76231 | Lair:1   | Lost mutation: You have large cloven feet. [potion of
                  | mutation]
 76231 | Lair:1   | Lost mutation: You have a pair of small antennae on your
                  | head. [potion of mutation]
 76231 | Lair:1   | Gained mutation: Your body sometimes deteriorates upon
                  | taking damage. [potion of mutation]
 76231 | Lair:1   | Lost mutation: You are partially covered in iridescent
                  | scales. (AC +2) [potion of mutation]
 76231 | Lair:1   | Gained mutation: You are partially covered in iridescent
                  | scales. (AC +2) [potion of mutation]
 76509 | D:1      | Bought a potion of mutation for 104 gold pieces
 76509 | D:1      | Bought a potion of mutation for 104 gold pieces
 76509 | D:1      | Bought a potion of mutation for 104 gold pieces
 76509 | D:1      | Lost mutation: Your body sometimes deteriorates upon taking
                  | damage. [potion of mutation]
 76509 | D:1      | Lost mutation: You are partially covered in iridescent
                  | scales. (AC +2) [potion of mutation]
 76509 | D:1      | Lost mutation: You occasionally lose the ability to read
                  | scrolls when taking damage. [potion of mutation]
 76509 | D:1      | Gained mutation: You have hidden genetic defects. [potion
                  | of mutation]
 76509 | D:1      | Gained mutation: You are frail. (-10% HP) [potion of
                  | mutation]
 76510 | D:1      | Lost mutation: You have hidden genetic defects. [potion of
                  | mutation]
 76510 | D:1      | Lost mutation: You are frail. (-10% HP) [potion of
                  | mutation]
 76510 | D:1      | Gained mutation: Your spells are a little easier to cast,
                  | but a little less powerful. [potion of mutation]
 76511 | D:1      | Lost mutation: Your spells are a little easier to cast, but
                  | a little less powerful. [potion of mutation]
 76511 | D:1      | Gained mutation: You possess an exceptional clarity of
                  | mind. [potion of mutation]
 77089 | Crypt:1  | Learned a level 5 spell: Yara's Violent Unravelling
 77172 | Crypt:1  | Reached ***** piety under the Shining One
 77805 | Crypt:1  | Paralysed by a vampire knight for 3 turns
 78275 | Crypt:1  | Reached ****** piety under the Shining One
 78611 | Crypt:1  | Paralysed by a vampire knight for 3 turns
 79053 | Lair:1   | Identified a +2 sacred scourge of holy wrath (a +0 demon
                  | whip of draining blessed by the Shining One)
 79053 | Lair:1   | Received a gift from the Shining One
 79300 | D:7      | Fell from the grace of the Shining One
 79300 | D:7      | Became a worshipper of Elyvilon the Healer
 80873 | Crypt:2  | Reached skill level 17 in Invocations
 80977 | Crypt:2  | HP: 2/118 [ghostly deep elf death mage/bolt of negative
                  | energy (12)]
 81378 | Crypt:1  | Upgraded the game from 0.30-a0-691-g754fce4c43 to
                  | 0.30-a0-696-g2367cd04db
 81440 | Crypt:2  | Noticed Jory
 81461 | Crypt:2  | HP: 4/120 [ancient champion/+2 battleaxe of draining (15)]
 81461 | Crypt:2  | Elyvilon protects you from harm!
 82427 | Crypt:1  | Gained mutation: You are agile. (Dex +4, Str/Int -1) [you]
 82781 | Crypt:2  | Paralysed by a vampire knight for 2 turns
 83375 | Crypt:1  | Killed Jory
 83824 | Crypt:2  | Noticed Houmnergh's ghost (master GnTm)
 83828 | Crypt:2  | Found a runed translucent gate.
 83829 | Crypt:2  | Found a runed translucent gate.
 83829 | Crypt:2  | Found a runed translucent gate.
 84290 | Crypt:2  | Reached XP level 22. HP: 132/132 MP: 2/35
 84661 | Crypt:2  | Found the +8 Vampire's Tooth {megavamp}
 85251 | Depths:1 | Entered Level 1 of the Depths
 85251 | Depths:1 | Noticed Asterion
 85268 | D:15     | Killed Asterion
 85586 | D:15     | Reached skill level 1 in Throwing
 86349 | D:5      | Killed wormed's ghost
 86583 | D:10     | Killed AzureAlchemist's ghost
 86811 | D:13     | Killed Gint's ghost
 86812 | D:13     | Reached skill level 10 in Spellcasting
 87259 | Lair:2   | Killed Mistam's ghost
 87267 | Lair:2   | Killed Darkkill's ghost
 87539 | Snake:4  | Bought a potion of cancellation for 120 gold pieces
 87615 | Snake:3  | Reached skill level 18 in Invocations
 87619 | Snake:3  | Killed Josuitwi's ghost
 87629 | Snake:3  | Gained mutation: You are frail. (-10% HP) [mutagenic glow]
 87646 | Snake:3  | Gained mutation: Your magical capacity is low. (-10% MP)
                  | [mutagenic glow]
 88066 | Shoals:4 | Learned a level 5 spell: Fireball
 88081 | Shoals:4 | Killed purpskrrrp's ghost
 89213 | Depths:1 | Found a gateway to Hell.
 89319 | Hell     | Entered the Vestibule of Hell
 89319 | Hell     | Noticed Geryon
 89838 | Abyss:2  | Cast into level 2 of the Abyss (a wizard)
 89879 | Abyss:2  | Found a corrupted altar of Lugonu.
 89927 | Abyss:2  | Reached skill level 5 in Throwing
 90282 | Depths:1 | Escaped the Abyss
 90803 | D:15     | Gained mutation: Your body sometimes deteriorates upon
                  | taking damage. [you]
 91023 | Depths:1 | Noticed Bai Suzhen
 91144 | D:15     | Killed Bai Suzhen
 91542 | Depths:1 | Noticed Sojobo
 91563 | Depths:1 | Killed Sojobo
 91735 | Depths:1 | Found a glowing silver altar of Zin.
 92282 | Depths:1 | Found a transporter.
 92283 | Depths:1 | Noticed lmSkywalker's ghost (adept DrTm)
 92284 | Depths:1 | Found a transporter.
 93247 | Depths:2 | Identified the +1 plate armour of Skepticism {*Corrode
                  | Int+5 Dex+2}
 93793 | Depths:2 | Got the Exposition on Rallying and the Lungs
 93975 | Depths:2 | Reached XP level 23. HP: 122/122 MP: 28/35
 94147 | Depths:2 | Noticed Vv
 94158 | Depths:2 | Killed Vv
 94640 | Snake:4  | Bought 2 scrolls of acquirement for 1560 gold pieces
 94640 | Snake:4  | Acquired 995 gold pieces
 94642 | Snake:4  | Acquired the ring of Dithmenos's Supremacy {Wiz MP+9}
 94668 | Snake:4  | Bought a potion of invisibility for 120 gold pieces
 94975 | Slime:1  | Entered Level 1 of the Pits of Slime
 97340 | Slime:2  | Reached skill level 15 in Conjurations
 98634 | Slime:4  | Gained mutation: You occasionally lose the ability to drink
                  | potions when taking damage. [mutagenic glow]
 98654 | Slime:4  | Gained mutation: You are vulnerable to cold. (rC-)
                  | [mutagenic glow]
 98684 | Slime:4  | Gained mutation: You occasionally shout uncontrollably at
                  | your foes. [mutagenic glow]
100943 | Slime:5  | Entered Level 5 of the Pits of Slime
102321 | Slime:5  | Lost mutation: You possess an exceptional clarity of mind.
                  | [a shining eye]
102419 | Slime:5  | Gained mutation: Your movements are slightly less
                  | encumbered by armour. (ER -2) [a shining eye]
102421 | Slime:4  | Gained mutation: Your body often deteriorates upon taking
                  | damage. [a shining eye]
102857 | Slime:4  | Gained mutation: You are very frail. (-20% HP) [a shining
                  | eye]
103002 | Slime:5  | Noticed the Royal Jelly
103519 | Slime:5  | Lost mutation: Your body often deteriorates upon taking
                  | damage. [a shining eye]
104423 | Lair:1   | Lost mutation: You occasionally shout uncontrollably at
                  | your foes. [potion of mutation]
104423 | Lair:1   | Lost mutation: You are very frail. (-20% HP) [potion of
                  | mutation]
104423 | Lair:1   | Lost mutation: You are agile. (Dex +4, Str/Int -1) [potion
                  | of mutation]
104424 | Lair:1   | Lost mutation: Your movements are slightly less encumbered
                  | by armour. (ER -2) [potion of mutation]
104424 | Lair:1   | Lost mutation: You occasionally lose the ability to drink
                  | potions when taking damage. [potion of mutation]
104424 | Lair:1   | Gained mutation: You are partially covered in iridescent
                  | scales. (AC +2) [potion of mutation]
104424 | Lair:1   | Gained mutation: Your body often deteriorates upon taking
                  | damage. [potion of mutation]
104425 | Lair:1   | Lost mutation: Your magical capacity is low. (-10% MP)
                  | [potion of mutation]
104425 | Lair:1   | Lost mutation: You are partially covered in iridescent
                  | scales. (AC +2) [potion of mutation]
104425 | Lair:1   | Lost mutation: You are vulnerable to cold. (rC-) [potion of
                  | mutation]
104425 | Lair:1   | Gained mutation: You are strong-willed. (Will+) [potion of
                  | mutation]
104425 | Lair:1   | Lost mutation: You are frail. (-10% HP) [potion of
                  | mutation]
104810 | Slime:5  | Killed the Royal Jelly
104875 | Slime:5  | Gained mutation: You are weak. (Str -2) [mutagenic glow]
105096 | Slime:5  | Learned a level 7 spell: Orb of Destruction
105127 | Slime:5  | Found the +12 glaive of Prune {freeze, Prune}
105153 | Slime:5  | Got the Almanac of Orientation and Freezing
105183 | Slime:5  | Got the Incunabulum of Transmuted Breath
105193 | Slime:5  | Identified the +1 ring mail of Quiet Fog {Rampage Int-5
                  | SInv}
105196 | Slime:5  | Got a slimy rune of Zot
105248 | Slime:5  | Identified the +2 ring mail of Beogh's Esteem {rElec Str+2}
105279 | Slime:5  | Identified the +2 arbalest of Intimidation {antimagic, rC+
                  | Str+6}
105592 | Lair:1   | Lost mutation: You are weak. (Str -2) [potion of mutation]
105592 | Lair:1   | Lost mutation: You are strong-willed. (Will+) [potion of
                  | mutation]
105592 | Lair:1   | Lost mutation: Your body often deteriorates upon taking
                  | damage. [potion of mutation]
105592 | Lair:1   | Gained mutation: Your spells are a little harder to cast,
                  | but a little more powerful. [potion of mutation]
106182 | Lair:1   | Learned a level 2 spell: Blink
106238 | Lair:1   | Upgraded the game from 0.30-a0-696-g2367cd04db to
                  | 0.30-a0-702-gdf48620a09
106636 | Depths:2 | Found a broken altar of Ashenzari.
107214 | Depths:2 | Found a one-way gate leading to the halls of Pandemonium.
107293 | Depths:2 | Reached skill level 10 in Maces & Flails
107584 | Depths:2 | Paralysed by something for 4 turns
108036 | Depths:2 | Found Zeunugh's Magic Scroll Boutique.
108042 | Depths:2 | Bought a scroll of teleportation for 39 gold pieces
108540 | Depths:3 | Reached XP level 24. HP: 112/142 MP: 19/40
110187 | Depths:3 | Identified the +7 short sword of Might {drain, *Noise rCorr
                  | Int+3 Dex+8}
110187 | Depths:3 | Identified the +6 dagger of True Grit {heavy, Fly rElec
                  | Will- rCorr}
111815 | Depths:3 | Found Riqigam's Fire Supplies.
112061 | Depths:3 | Reached skill level 1 in Translocations
113272 | Depths:2 | Bought a scroll of enchant weapon for 97 gold pieces
113336 | Depths:4 | Entered Level 4 of the Depths
113401 | Depths:4 | Found a one-way gateway to a ziggurat.
114113 | Depths:4 | Gained mutation: Your spells are harder to cast, but more
                  | powerful. [mutagenic glow]
114405 | Depths:4 | Upgraded the game from 0.30-a0-702-gdf48620a09 to
                  | 0.30-a0-718-geaa24f58ff
114406 | Depths:4 | Upgraded the game from 0.30-a0-718-geaa24f58ff to
                  | 0.30-a0-719-gcc4359ea44
114418 | Depths:4 | Noticed a caustic shrike
114418 | Depths:4 | Noticed a caustic shrike
114426 | Depths:4 | Killed a caustic shrike
114429 | Depths:4 | Killed a caustic shrike
114515 | Depths:4 | Noticed a caustic shrike
114522 | Depths:4 | Killed a caustic shrike
114523 | Depths:4 | Reached skill level 5 in Translocations
114554 | Depths:4 | Gained mutation: You are weak. (Str -2) [mutagenic glow]
115040 | Depths:4 | HP: 4/142 [spriggan berserker/+2 antimagic war axe (28)]
115042 | Depths:4 | Elyvilon protects you from harm!
115043 | Depths:4 | Demolished by a spriggan berserker

Illustrated notes

Levels and vault maps discovered:
D:1:      onia_arrival_pyramid, layout_loops_ring, serial_shops, shop
D:2:      layout_rooms, hangedman_decor_growths
D:3:      layout_rooms, shapermc_ecumenical_altar_gd
D:4:      layout_basic, mainiacjoe_overflow_brackets, grunt_ministairs_15,
          saegor_snake_ambush, uniq_menkaure, uniq_blork_the_orc
D:5:      layout_basic, ebering_ghost_inner_flame, serial_park_tiny_pond
D:6:      layout_cave_pools, serial_shops, nicolae_stop_n_shop_1,
          grunt_ministairs_6, kennysheep_cluttered_room,
          corexii_leaking_fountain, kennysheep_nondescript,
          uniq_crazy_yiuf_cottage, uniq_pikel, uniq_duvessa
D:7:      layout_basic, nicolae_dithmenos_shadow_blocks, minitemple,
          minmay_temple_entry_gardened_gates, lemuel_flamethrower_1
D:8:      layout_loops_corners, st_stairs_9, kennysheep_another_room,
          minmay_misc_feat_roman, uniq_grum, uniq_prince_ribbit1, uniq_maurice
D:9:      layout_basic, kennysheep_generic_room_9
D:10:     minmay_angry_zag, layout_small_grid,
          nzn_overflow_gifts_of_might_and_magic, ebering_ghost_disaster_area
D:11:     minmay_diamond_stairs, layout_long_grid, due_lair_maze_entry_diamond,
          minmay_diamond_spiral
D:12:     layout_basic, serial_undead, serial_undead_e, serial_undead_f,
          serial_undead_a, serial_undead_e, minmay_door_square
D:13:     layout_stronghold, gammafunk_ghost_abyssal_escape,
          portal_ice_cave_entry_ice_simulacra, minmay_shattered_shrine
D:14:     layout_gridville, ximxim_vaults_locker_room, serial_park_tiny_2
D:15:     hangedman_depths_entry_civil_slaughter, layout_stronghold,
          serial_bayou_pond_a, pf_eden
Lair:1:   layout_chaotic_city, nicolae_quartered_pool_medium,
          nicolae_lair_run_with_the_wolves
Lair:2:   layout_concentric_octagons, nicolae_shoals_entry_flooding,
          minmay_snake_entry_guardpost_small, gammafunk_ghost_cemetery,
          hibernation_bobbens, uniq_urug
Lair:3:   layout_cave_pods
Lair:4:   pond_and_an_island_with_a_cottage, layout_loops_ring
Lair:5:   guppyfry_lair_end_dragon, layout_regular_city,
          hangedman_lair_tendril_chambers, nicolae_slime_entry_slimehenge,
          chequers_serial_rivers_micro_b, minmay_lair_oklob_bushes,
          pdpol_lair_cabin_in_the_woods, uniq_kirke
Shoals:1: layout_shoals, nicolae_shop_unique_rings
Shoals:2: nzn_motion_control, layout_shoals, nicolae_shoals_c_island,
          uniq_donald
Shoals:3: layout_shoals, nicolae_shoals_undead_eyrie, uniq_polyphemus
Shoals:4: shoals_end_hangedman, layout_shoals, shoals_ilsuiw_alternative,
          gammafunk_ghost_necromancy, ldierk_geyser
Snake:1:  layout_misc_corridors, serial_bayou_pond_b, serial_bayou_lake_a
Snake:2:  layout_rooms, minmay_shop_grove, lemuel_fruit_tree, uniq_roxanne
Snake:3:  layout_misc_corridors, gammafunk_ghost_arena, uniq_agnes
Snake:4:  hellmonk_snake_rune_quicksilver_temple, layout_layer_cave,
          serial_bayou_shore_a, minmay_shoptagon
Slime:1:  layout_caves
Slime:2:  layout_caves, cheibrodos_slime_lost_civilization_5
Slime:3:  layout_caves
Slime:4:  layout_caves, cheibrodos_slime_lost_civilization_6
Slime:5
Orc:1:    layout_diamond_mine, basic_altar, david_defended_altar_orc
Orc:2:    st_orc_mages, layout_caves, uniq_sonja, uniq_saint_roka
Vaults:1: hangedman_vaults_stagger, v_rooms_6, vaults_room_hallway,
          ontoclasm_vaults_decontamination, v_misc_27, vaults_mumra_hexcomb,
          v_alt_pattern_4, nicolae_vaults_network_square,
          vaults_mumra_minichess, v_misc_16, ontoclasm_vaults_pinch,
          ontoclasm_vaults_fault, v_misc_14, vaults_room_fancy_cross,
          nicolae_vaults_angled_halls, vaults_room_guarded_vault,
          layout_vaults_maze_bifur, serial_shops, shop_coins
Vaults:2: vaults_room_ringed_pool, nicolae_vaults_theta, v_alt_pattern_5,
          nicolae_vaults_little_squares_1, ontoclasm_vaults_gateway,
          hangedman_vaults_snaps, hangedman_vaults_maws, v_misc_26, st_lattice,
          nicolae_vaults_rhombus_5, vaults_dpeg_emergency_exit,
          nicolae_vaults_little_squares_1, layout_vaults_omnigrid
Vaults:3: v_misc_15, ontoclasm_vaults_ring_small, v_rooms_5, vaults_room_pools,
          vaults_room_octagon, vaults_standard_mumra_enter_the_diamond,
          v_rooms_4, hangedman_vaults_corner_blocks, hangedman_vaults_trim,
          ontoclasm_vaults_shuriken, nicolae_vaults_little_squares_6,
          grunt_vaults_hallway_short, grunt_vaults_hallway_long, v_misc_19,
          layout_vaults_ring, serial_shops, nicolae_shop_behind_doors,
          nicolae_shop_trees, shop, shop, nicolae_diamond_shop
Vaults:4: special_room_vaults [special_room_orc], vaults_room_stairs_pillars,
          vaults_dpeg_spiral, v_alt_pattern_6, hangedman_vaults_slice,
          v_misc_27, vaults_room_pool, ontoclasm_vaults_twist,
          vaults_room_door_ring, vaults_room_fancy_cross,
          layout_vaults_chaotic_city, serial_shops, nicolae_shop_crystal
Crypt:1:  layout_chaotic_city, grunt_crypt_arrival_split
Crypt:2:  layout_misc_corridors, gammafunk_ghost_spectres,
          minmay_guarded_unrand_vampires_tooth, uniq_jory
Depths:1: layout_small_grid, minmay_stone_trees_large, gammafunk_ghost_arena,
          abyss_entry_glasseish, hell_entry, zin_angel, uniq_asterion,
          uniq_sojobo, uniq_bai_suzhen
Depths:2: cheibrodos_lost_city_excavation, layout_long_grid,
          pf_hell_entry_tar_spiral, serial_shops, kennysheep_little_box,
          nicolae_ashenzari_skybound, pan_entry,
          minmay_staircase_statues_hall_small, uniq_vv
Depths:3: grunt_arcs, layout_gridlike, grunt_mini_vestibule, abyss_entry,
          nicolae_shop_fire_sale [nicolae_sub_dead_trees],
          grunt_decor_mini_mirrors
Depths:4: grunt_zot_entry_gee_three, layout_long_grid, enter_ziggurat_b,
          pan_entry, hell_entry, mu_enter_wizlab_5
Hell

Skill      XL: |  1  2  3  4  5  6  7  8  9 10 11 12 13 14 15 16 17 18 19 20 21 22 23 24 |
---------------+-------------------------------------------------------------------------+-----
Earth Magic    | 4 5 6 7 9 12 14 | 14.0
Spellcasting   | 3 4 5 7 9 12 13 14 | 14.0
Conjurations   | 2 4 6 7 10 12 14 16 17 | 17.3
Fighting       | 2 5 6 9 12 | 12.0
Stealth        | 3 5 9 |  9.0
Dodging        | 5 6 7 8 9 |  9.0
Transmutations | 3 5 7 9 |  9.0
Invocations    | 2 9 12 14 15 16 17 18 | 18.0
Armour         | 2 5 7 9 |  9.0
Shields        | 3 5 8 10 12 14 | 14.0
Evocations     | 3 5 6 7 |  7.0
Staves         | 4 |  4.0
Hexes          | 6 7 9 11 12 | 12.0
Maces & Flails | 5 7 9 10 11 | 11.7
Fire Magic     | 5 7 9 |  9.0
Poison Magic   | 5 7 9 |  9.0
Throwing       | 6 |  6.0
Translocations | 5 |  5.0

Action                     |  1- 3 |  4- 6 |  7- 9 | 10-12 | 13-15 | 16-18 | 19-21 | 22-24 || total
---------------------------+-------+-------+-------+-------+-------+-------+-------+-------++-------
  Melee: Trident           |    24 |       |     5 |       |       |       |       |       ||    29
         Punch             |     1 |       |       |       |       |       |       |       ||     1
         Flail             |       |       |     9 |       |     2 |       |   135 |       ||   146
         Short sword       |       |       |    42 |    69 |       |       |       |       ||   111
         Staff             |       |       |     5 |    35 |     9 |    26 |    39 |   102 ||   216
         Unarmed           |       |       |       |     5 |       |       |       |       ||     5
         Morningstar       |       |       |       |     3 |    60 |   191 |   286 |    29 ||   569
         Sacred scourge    |       |       |       |       |       |       |   205 |   377 ||   582
  Throw: Boomerang         |       |     9 |     3 |       |       |    17 |       |       ||    29
         Dart              |       |       |       |    31 |    12 |    24 |    67 |    11 ||   145
         Javelin           |       |       |       |       |     4 |     1 |     1 |       ||     6
   Cast: Sandblast         |    38 |    53 |   170 |   279 |   661 |   839 |   407 |     2 ||  2449
         Stone Arrow       |       |       |    14 |   119 |   341 |   298 |   154 |   118 ||  1044
         Petrify           |       |       |       |       |     7 |     2 |    18 |    10 ||    37
         Fulminant Prism   |       |       |       |       |       |    44 |    56 |    22 ||   122
         Tukima's Dance    |       |       |       |       |       |    50 |    18 |    15 ||    83
         Lee's Rapid Decon |       |       |       |       |       |    77 |   139 |   186 ||   402
         Irradiate         |       |       |       |       |       |     4 |   100 |   214 ||   318
         Ignite Poison     |       |       |       |       |       |    25 |    62 |     8 ||    95
         Yara's Violent Un |       |       |       |       |       |       |     2 |    12 ||    14
         Fireball          |       |       |       |       |       |       |       |   125 ||   125
         Orb of Destructio |       |       |       |       |       |       |       |    49 ||    49
         Blink             |       |       |       |       |       |       |       |     2 ||     2
 Invoke: Heal Other        |       |       |       |     2 |    26 |     5 |     2 |       ||    35
         Divine Vigour     |       |       |       |       |       |     1 |       |     1 ||     2
         Cleansing Flame   |       |       |       |       |       |       |     2 |       ||     2
         Brand Weapon With |       |       |       |       |       |       |     1 |       ||     1
         Heal Self         |       |       |       |       |       |       |     1 |       ||     1
         Purification      |       |       |       |       |       |       |       |     1 ||     1
  Evoke: Wand              |       |       |       |     3 |    19 |    19 |    15 |    18 ||    74
         Piece from Xom's  |       |       |       |     1 |       |       |       |       ||     1
         Tin of tremorston |       |       |       |       |     3 |     4 |     5 |     2 ||    14
         Phantom mirror    |       |       |       |       |       |     1 |     1 |     1 ||     3
    Use: Scroll            |       |     8 |    11 |     6 |     6 |    14 |    34 |    25 ||   104
         Potion            |       |       |       |     5 |     5 |    15 |    28 |    17 ||    70
   Stab: Sleeping          |       |       |     4 |     1 |     1 |     1 |     3 |     1 ||    11
         Paralysed         |       |       |       |     5 |     2 |     9 |     2 |       ||    18
         Petrified         |       |       |       |       |     6 |     6 |    10 |    14 ||    36
         Distracted        |       |       |       |       |       |       |     1 |     1 ||     2
 Armour: Robe              |    15 |     1 |     2 |       |       |   384 |   550 |   393 ||  1345
         Leather armour    |       |       |    52 |    62 |       |       |       |       ||   114
         Skin              |       |       |       |     2 |       |       |       |       ||     2
         Troll leather arm |       |       |       |    70 |   345 |       |       |       ||   415
         Swamp dragon scal |       |       |       |       |   126 |   120 |       |       ||   246
  Dodge: Dodged            |    13 |    11 |   111 |   283 |   822 |   958 |   765 |   464 ||  3427
  Block: Buckler           |       |       |    32 |    93 |   404 |   555 |       |       ||  1084
         Kite shield       |       |       |       |       |       |     4 |   940 |   637 ||  1581

Table legend: (Time is in decaauts)
 A = Elapsed time spent in this place.
 B = Non-inter-level travel time spent in this place.
 C = Inter-level travel time spent in this place.
 D = Time resting spent in this place.
 E = Time spent auto-exploring this place.
 F = Levels seen in this place.
 G = Mean time per level.
                   A        B        C        D        E       F      G
               +--------+--------+--------+--------+--------+-----+--------+
         Total | 116504 | 104799 |  11705 |  58857 |  25340 |  48 | 2427.2 |
       Dungeon |  29846 |  24979 |   4867 |  11741 |   8689 |  15 | 1989.7 |
          Lair |  14451 |  11658 |   2793 |   4448 |   3610 |   5 | 2890.2 |
        Shoals |   8477 |   7881 |    596 |   3650 |   2153 |   4 | 2119.2 |
     Snake Pit |  10839 |  10076 |    763 |   5815 |   1845 |   4 | 2709.8 |
    Slime Pits |  10293 |   9908 |    385 |   6882 |   1890 |   5 | 2058.6 |
  Orcish Mines |   4458 |   4339 |    119 |   2738 |    780 |   2 | 2229.0 |
        Vaults |  17560 |  16019 |   1541 |  10000 |   3504 |   4 | 4390.0 |
         Crypt |   7179 |   6932 |    247 |   4714 |   1037 |   2 | 3589.5 |
        Depths |  11997 |  11607 |    390 |   8184 |   1757 |   4 | 2999.2 |
          Hell |      1 |      1 |      0 |      0 |      0 |   1 |    1.0 |
         Abyss |    423 |    423 |      0 |    224 |     68 |   1 |  423.0 |
      Ice Cave |    975 |    975 |      0 |    456 |      6 |   1 |  975.0 |
               +--------+--------+--------+--------+--------+-----+--------+

Top non-repeatable levels by time:
Vaults:2: 6256 daAuts
 Crypt:1: 5363 daAuts
Vaults:1: 4749 daAuts
  Lair:1: 4590 daAuts
 Slime:4: 4375 daAuts
    D:15: 4330 daAuts
  Lair:5: 4186 daAuts
 Snake:4: 3960 daAuts
Depths:1: 3690 daAuts
Depths:3: 3599 daAuts
Shoals:4: 3487 daAuts
Depths:2: 3405 daAuts
    D:11: 3389 daAuts
    D:14: 3340 daAuts
Vaults:3: 3311 daAuts
